| TOP OF THE 1ST |
|
Bellingham Mariners batting - Pitching for Modesto Nuts : RHP Kevin Price
|
|
Pitching: RHP Kevin Price
|
|
|
Batting: LHB Dan O'Regan
|
0-0: Ball 1-0: Ball 2-0: Called Strike 2-1: Called Strike 2-2: Foul Ball, location: 2F 2-2: Ball 3-2: Base on Balls
|
|
Batting: RHB Norm Carrasco
|
0-0: Called Strike 0-1: Swinging Strike 0-2: Ball 1-2: Foul Ball, location: 2F 1-2: Ball Dan O'Regan steals 2nd base 2-2: SINGLE (Groundball, 6MS, EV 67.5 MPH) (infield hit) Dan O'Regan to third
|
|
Batting: RHB Juan Delgado
|
0-0: Ball 1-0: Called Strike 1-1: Ball 2-1: Foul Ball, location: 2F 2-2: Fielders Choice at 2nd, 1-6 (Groundball, 34S, EV 71.3 MPH)
|
|
Batting: SHB Paul Felix
|
0-0: Ball 1-0: Swinging Strike 1-1: Called Strike 1-2: Foul Ball, location: 2F 1-2: Strikes out looking
|
|
Batting: LHB Thomas Graziano
|
0-0: Ball 1-0: Called Strike 1-1: Foul Ball, location: 2F 1-2: Foul Ball, location: 2F 1-2: Fly out, F7 (Flyball, 7LS, EV 95.6 MPH)
|
| Top of the 1st over - 0 runs, 1 hit, 0 errors, 2 left on base; Bellingham 0 - Modesto 0 |
| BOTTOM OF THE 1ST |
|
Modesto Nuts batting - Pitching for Bellingham Mariners : LHP Mark Weinbrecht
|
|
Pitching: LHP Mark Weinbrecht
|
|
|
Batting: RHB Mike Miller
|
0-0: Ball 1-0: SINGLE (Line Drive, 34, EV 105.6 MPH)
|
|
Batting: RHB Johnny Tutt
|
0-0: Ball Mike Miller is caught stealing 2nd base 2-4 1-0: SINGLE (Groundball, 56S, EV 68.1 MPH) (infield hit)
|
|
Batting: LHB Dave McLaughlin
|
0-0: SINGLE (Flyball, 3D, EV 92.5 MPH) Johnny Tutt to second
|
|
Batting: RHB Antonio Lopez
|
0-0: Ball Johnny Tutt steals 3rd base 1-0: Ball 2-0: SINGLE (Groundball, 56D, EV 98.8 MPH) Johnny Tutt scores Dave McLaughlin to second
|
|
Batting: RHB James Cecchini
|
0-0: SINGLE (Flyball, 34D, EV 84.4 MPH) Dave McLaughlin to third Antonio Lopez to second
|
|
Batting: LHB Nelson Burciaga
|
0-0: Called Strike 0-1: Swinging Strike 0-2: Strikes out swinging
|
|
Batting: RHB Andre Lowe
|
0-0: Ball 1-0: Called Strike 1-1: Swinging Strike 1-2: Ball 2-2: Foul Ball, location: 2F 2-2: SINGLE (Groundball, 6MD, EV 98.8 MPH) Dave McLaughlin scores Antonio Lopez to third James Cecchini to second Runner from 3rd tries for Home, SAFE, throw by CF to home
|
|
Batting: RHB Jesus Vila
|
0-0: Called Strike 0-1: Swinging Strike 0-2: Fly out, F8 (Flyball, 89D, EV 105.6 MPH)
|
| Bottom of the 1st over - 3 runs, 6 hits, 0 errors, 2 left on base; Bellingham 0 - Modesto 3 |
| TOP OF THE 2ND |
|
Bellingham Mariners batting - Pitching for Modesto Nuts : RHP Kevin Price
|
|
Batting: RHB Hector Rivera
|
0-0: Foul Ball, location: 2F 0-1: Called Strike 0-2: Ball 1-2: Ground out 4-3 (Groundball, 34, EV 103.1 MPH)
|
|
Batting: RHB Elza Nevoeiro
|
0-0: Called Strike 0-1: Ball 1-1: Foul Ball, location: 2F 1-2: Ball 2-2: Fly out, F8 (Flyball, 89M, EV 92.5 MPH)
|
|
Batting: RHB Werner Lajszky
|
0-0: Called Strike 0-1: Reached via error on a dropped throw from 3B, E3 (Groundball, 5, EV 103.1 MPH)
|
|
Batting: RHB Rick Weems
|
0-0: Called Strike 0-1: Ball 1-1: Ball 2-1: Ball 3-1: Foul Ball, location: 2F 3-2: Base on Balls Werner Lajszky to second
|
|
Batting: LHB Dan O'Regan
|
0-0: Called Strike 0-1: Ball 1-1: Ball 2-1: Foul Ball, location: 2F 2-2: Ball 3-2: Foul Ball, location: 2F 3-2: DOUBLE (Groundball, 3L, EV 100.6 MPH) Werner Lajszky scores Rick Weems to third Rick Weems scores
|
|
Batting: RHB Norm Carrasco
|
0-0: Fly out, F3 (Popup, 3SF, EV 88.8 MPH)
|
| Top of the 2nd over - 2 runs, 1 hit, 1 error, 1 left on base; Bellingham 2 - Modesto 3 |
| BOTTOM OF THE 2ND |
|
Modesto Nuts batting - Pitching for Bellingham Mariners : LHP Mark Weinbrecht
|
|
Batting: RHB Carlos Leal
|
0-0: Swinging Strike 0-1: Ball 1-1: SINGLE (Groundball, 6MD, EV 100.6 MPH)
|
|
Batting: RHB Mike Miller
|
0-0: Called Strike Carlos Leal steals 2nd base 0-1: Foul Ball, location: 2F 0-2: Ground out U3 (Groundball, 3, EV 81.3 MPH) Carlos Leal to third
|
|
Batting: RHB Johnny Tutt
|
0-0: Ball 1-0: Fly out, F9 (Flyball, 9D, EV 85.0 MPH) Runner from 3rd tags up, SCORES, throw by RF
|
|
Batting: LHB Dave McLaughlin
|
0-0: Ball 1-0: Fly out, F8 (Flyball, 8LXD, EV 91.3 MPH)
|
| Bottom of the 2nd over - 1 run, 1 hit, 0 errors, 0 left on base; Bellingham 2 - Modesto 4 |
| TOP OF THE 3RD |
|
Bellingham Mariners batting - Pitching for Modesto Nuts : RHP Kevin Price
|
|
Batting: RHB Juan Delgado
|
0-0: Ball 1-0: Ball 2-0: Ball 3-0: Called Strike 3-1: Fly out, F4 (Line Drive, 4, EV 70.0 MPH)
|
|
Batting: SHB Paul Felix
|
0-0: Foul Ball, location: 2F 0-1: Swinging Strike 0-2: Foul Ball, location: 2F 0-2: Fly out, F3 (Popup, 3SF, EV 90.0 MPH)
|
|
Batting: LHB Thomas Graziano
|
0-0: Ground out 4-3 (Groundball, 4MD, EV 80.6 MPH)
|
| Top of the 3rd over - 0 runs, 0 hits, 0 errors, 0 left on base; Bellingham 2 - Modesto 4 |
| BOTTOM OF THE 3RD |
|
Modesto Nuts batting - Pitching for Bellingham Mariners : LHP Mark Weinbrecht
|
|
Batting: RHB Antonio Lopez
|
0-0: Called Strike 0-1: Called Strike 0-2: Ball 1-2: Ball 2-2: Fly out, F4 (Popup, 34S, EV 71.9 MPH)
|
|
Batting: RHB James Cecchini
|
0-0: Ball 1-0: Fly out, F9 (Flyball, 89D, EV 105.0 MPH)
|
|
Batting: LHB Nelson Burciaga
|
0-0: Ball 1-0: Called Strike 1-1: Ball 2-1: Swinging Strike 2-2: Strikes out looking
|
| Bottom of the 3rd over - 0 runs, 0 hits, 0 errors, 0 left on base; Bellingham 2 - Modesto 4 |
| TOP OF THE 4TH |
|
Bellingham Mariners batting - Pitching for Modesto Nuts : RHP Kevin Price
|
|
Batting: RHB Hector Rivera
|
0-0: Called Strike 0-1: Ball 1-1: Ground out U3 (Groundball, 34, EV 80.6 MPH)
|
|
Batting: RHB Elza Nevoeiro
|
0-0: Foul Ball, location: 2F 0-1: Ball 1-1: Ball 2-1: Fly out, F7 (Line Drive, 7, EV 110.6 MPH)
|
|
Batting: RHB Werner Lajszky
|
0-0: Called Strike 0-1: Fly out, F3 (Popup, 3SF, EV 80.6 MPH)
|
| Top of the 4th over - 0 runs, 0 hits, 0 errors, 0 left on base; Bellingham 2 - Modesto 4 |
| BOTTOM OF THE 4TH |
|
Modesto Nuts batting - Pitching for Bellingham Mariners : LHP Mark Weinbrecht
|
|
Batting: RHB Andre Lowe
|
0-0: Called Strike 0-1: Swinging Strike 0-2: Strikes out swinging
|
|
Batting: RHB Jesus Vila
|
0-0: Ball 1-0: Swinging Strike 1-1: Called Strike 1-2: Foul Ball, location: 2F 1-2: Strikes out swinging
|
|
Batting: RHB Carlos Leal
|
0-0: Called Strike 0-1: Ball 1-1: Ground out 5-3 (Groundball, 56, EV 103.8 MPH)
|
| Bottom of the 4th over - 0 runs, 0 hits, 0 errors, 0 left on base; Bellingham 2 - Modesto 4 |
| TOP OF THE 5TH |
|
Bellingham Mariners batting - Pitching for Modesto Nuts : RHP Kevin Price
|
|
Batting: RHB Rick Weems
|
0-0: SINGLE (Line Drive, 89S, EV 98.1 MPH)
|
|
Batting: LHB Dan O'Regan
|
0-0: Ball 1-0: Ball 2-0: Foul Ball, location: 2F 2-1: Foul Ball, location: 2F 2-2: Ball 3-2: Ground out 4-3 (Groundball, 4, EV 83.8 MPH) Rick Weems to second
|
|
Batting: RHB Norm Carrasco
|
0-0: Fly out, F1 (Line Drive, P, EV 74.4 MPH)
|
|
Batting: RHB Juan Delgado
|
0-0: Fly out, F8 (Line Drive, 8LD, EV 96.3 MPH)
|
| Top of the 5th over - 0 runs, 1 hit, 0 errors, 1 left on base; Bellingham 2 - Modesto 4 |
| BOTTOM OF THE 5TH |
|
Modesto Nuts batting - Pitching for Bellingham Mariners : LHP Mark Weinbrecht
|
|
Batting: RHB Mike Miller
|
0-0: Ball 1-0: Foul Ball, location: 2F 1-1: Called Strike 1-2: Strikes out swinging
|
|
Batting: RHB Johnny Tutt
|
0-0: Ball 1-0: Swinging Strike 1-1: Swinging Strike 1-2: SINGLE (Flyball, 4D, EV 98.8 MPH)
|
|
Batting: LHB Dave McLaughlin
|
0-0: Fly out, F9 (Flyball, 9LS, EV 85.0 MPH)
|
|
Batting: RHB Antonio Lopez
|
0-0: Called Strike 0-1: Ball 1-1: Ground out 5-3 (Groundball, 56, EV 100.6 MPH)
|
| Bottom of the 5th over - 0 runs, 1 hit, 0 errors, 1 left on base; Bellingham 2 - Modesto 4 |
| TOP OF THE 6TH |
|
Bellingham Mariners batting - Pitching for Modesto Nuts : RHP Kevin Price
|
|
Batting: SHB Paul Felix
|
0-0: SOLO HOME RUN (Flyball, 9D, EV 103.8 MPH), Distance : 390 ft
|
|
Batting: LHB Thomas Graziano
|
0-0: Ball 1-0: Ball 2-0: Ground out 6-3 (Groundball, 6M, EV 104.4 MPH)
|
|
Batting: RHB Hector Rivera
|
0-0: Foul Ball, location: 2F 0-1: Ball 1-1: Fly out, F9 (Flyball, 9D, EV 99.4 MPH)
|
|
Batting: RHB Elza Nevoeiro
|
0-0: Ball 1-0: Ball 2-0: Swinging Strike 2-1: Ball 3-1: Base on Balls
|
|
Batting: RHB Werner Lajszky
|
0-0: Ball 1-0: Called Strike 1-1: Fielders Choice at 2nd, 5-4 (Groundball, 56, EV 88.8 MPH)
|
| Top of the 6th over - 1 run, 1 hit, 0 errors, 1 left on base; Bellingham 3 - Modesto 4 |
| BOTTOM OF THE 6TH |
|
Modesto Nuts batting - Pitching for Bellingham Mariners : LHP Mark Weinbrecht
|
|
Batting: RHB James Cecchini
|
0-0: Ball 1-0: Called Strike 1-1: Foul Ball, location: 2F 1-2: Reached on error, E6 (Groundball, 6, EV 104.4 MPH)
|
|
Batting: LHB Nelson Burciaga
|
0-0: Reached on error, E5 (Groundball, 56, EV 105.6 MPH) James Cecchini to third
|
|
Batting: RHB Andre Lowe
|
0-0: SINGLE (Groundball, 56D, EV 101.3 MPH) James Cecchini scores Nelson Burciaga to second
|
|
Batting: RHB Jesus Vila
|
0-0: Called Strike 0-1: Ball 1-1: Ball 2-1: Ball 3-1: Foul Ball, location: 2F 3-2: Foul Ball, location: 2F 3-2: Fly out, F9 (Flyball, 9, EV 78.8 MPH)
|
|
Batting: RHB Carlos Leal
|
0-0: Called Strike 0-1: Ball 1-1: Swinging Strike 1-2: Fielders Choice at 2nd, 3-6 (Groundball, 3, EV 86.3 MPH) Nelson Burciaga to third
|
|
Batting: RHB Mike Miller
|
0-0: Called Strike 0-1: SINGLE (Groundball, 6S, EV 67.5 MPH) (infield hit) Nelson Burciaga scores Carlos Leal to second
|
|
Batting: RHB Johnny Tutt
|
0-0: Swinging Strike 0-1: Fly out, F8 (Flyball, 8LM, EV 84.4 MPH)
|
| Bottom of the 6th over - 2 runs, 2 hits, 2 errors, 2 left on base; Bellingham 3 - Modesto 6 |
| TOP OF THE 7TH |
|
Bellingham Mariners batting - Pitching for Modesto Nuts : RHP Kevin Price
|
|
Pitching: RHP Kyle Hartshorn
|
|
|
Batting: RHB Rick Weems
|
0-0: Ball 1-0: SOLO HOME RUN (Flyball, 9D, EV 86.3 MPH), Distance : 351 ft
|
|
Batting: LHB Dan O'Regan
|
0-0: Called Strike 0-1: Ball 1-1: SINGLE (Groundball, 6M, EV 101.9 MPH)
|
|
Batting: RHB Norm Carrasco
|
0-0: Swinging Strike 0-1: Ball 1-1: Ball 2-1: Foul Ball, location: 2F 2-2: Ball 3-2: Base on Balls Dan O'Regan to second
|
|
Batting: RHB Juan Delgado
|
0-0: Ball 1-0: Ball 2-0: Swinging Strike 2-1: Ball 3-1: Base on Balls Dan O'Regan to third Norm Carrasco to second
|
|
Batting: SHB Paul Felix
|
0-0: Swinging Strike 0-1: Swinging Strike 0-2: Ball 1-2: Foul Ball, location: 2F 1-2: Ball 2-2: Ball 3-2: Strikes out swinging
|
|
Batting: LHB Thomas Graziano
|
0-0: SINGLE (Line Drive, 9S, EV 93.8 MPH) Dan O'Regan scores Norm Carrasco to third Juan Delgado to second Runner from 3rd tries for Home, SAFE, throw by RF to home
|
|
Batting: RHB Hector Rivera
|
0-0: Called Strike 0-1: Fly out, F8 (Flyball, 8LD, EV 88.1 MPH) Runner from 2nd tags up, SAFE at 3rd with throw by CF
|
|
Batting: RHB Elza Nevoeiro
|
0-0: Ball 1-0: Called Strike 1-1: Ball 2-1: Fly out, F9 (Flyball, 9, EV 93.1 MPH)
|
| Top of the 7th over - 3 runs, 3 hits, 0 errors, 2 left on base; Bellingham 6 - Modesto 6 |
| BOTTOM OF THE 7TH |
|
Modesto Nuts batting - Pitching for Bellingham Mariners : LHP Mark Weinbrecht
|
|
Batting: LHB Dave McLaughlin
|
0-0: Ball 1-0: Ball 2-0: Ball 3-0: Called Strike 3-1: Called Strike 3-2: Strikes out swinging
|
|
Batting: RHB Antonio Lopez
|
0-0: Ball 1-0: Swinging Strike 1-1: Called Strike 1-2: Ball 2-2: Foul Ball, location: 2F 2-2: Fly out, F8 (Flyball, 78D, EV 90.0 MPH)
|
|
Batting: RHB James Cecchini
|
0-0: Ball 1-0: Called Strike 1-1: Ball 2-1: Foul Ball, location: 2F 2-2: Ball 3-2: Foul Ball, location: 2F 3-2: Base on Balls
|
|
Batting: LHB Nelson Burciaga
|
0-0: Ball 1-0: Ball 2-0: Ball 3-0: Called Strike 3-1: Ground out 6-3 (Groundball, 6S, EV 86.3 MPH)
|
| Bottom of the 7th over - 0 runs, 0 hits, 0 errors, 1 left on base; Bellingham 6 - Modesto 6 |
| TOP OF THE 8TH |
|
Bellingham Mariners batting - Pitching for Modesto Nuts : RHP Kyle Hartshorn
|
|
Pitching: RHP Jon Mathews
|
|
|
Batting: RHB Werner Lajszky
|
0-0: Ball 1-0: Called Strike 1-1: Swinging Strike 1-2: Strikes out swinging
|
|
Batting: RHB Rick Weems
|
0-0: Swinging Strike 0-1: Swinging Strike 0-2: Fly out, F8 (Flyball, 8LM, EV 92.5 MPH)
|
|
Batting: LHB Dan O'Regan
|
0-0: Called Strike 0-1: Foul Ball, location: 2F 0-2: Ball 1-2: Ball 2-2: Foul Ball, location: 2F 2-2: Ground out 1-3 (Groundball, 34S, EV 70.6 MPH)
|
| Top of the 8th over - 0 runs, 0 hits, 0 errors, 0 left on base; Bellingham 6 - Modesto 6 |
| BOTTOM OF THE 8TH |
|
Modesto Nuts batting - Pitching for Bellingham Mariners : LHP Mark Weinbrecht
|
|
Batting: RHB Andre Lowe
|
0-0: Foul Ball, location: 2F 0-1: Swinging Strike 0-2: Ball 1-2: Ball 2-2: SINGLE (Line Drive, 4D, EV 109.4 MPH)
|
|
Batting: RHB Jesus Vila
|
0-0: Ball Andre Lowe is caught stealing 2nd base 2-4 1-0: Called Strike 1-1: Ball 2-1: Ball 3-1: Called Strike 3-2: SINGLE (Flyball, 3D, EV 83.1 MPH)
|
|
Batting: RHB Carlos Leal
|
0-0: Ball 1-0: Ball 2-0: Foul Ball, location: 2F 2-1: Ball 3-1: Base on Balls Jesus Vila to second
|
|
Pinch Runner at 2nd Larry Tribble:
|
|
|
Batting: RHB Mike Miller
|
0-0: Ball 1-0: Ball 2-0: Sac Bunt to 5S - play at first, batter OUT! 5-4 Larry Tribble to third Carlos Leal to second
|
|
Batting: RHB Johnny Tutt
|
0-0: Fly out, F8 (Flyball, 78D, EV 99.4 MPH)
|
| Bottom of the 8th over - 0 runs, 2 hits, 0 errors, 2 left on base; Bellingham 6 - Modesto 6 |
| TOP OF THE 9TH |
|
Bellingham Mariners batting - Pitching for Modesto Nuts : RHP Jon Mathews
|
|
Pitching: LHP Timothy Fagely
|
|
|
Now at 3B: Larry Tribble
|
|
|
Batting: RHB Norm Carrasco
|
0-0: Ball 1-0: Ball 2-0: Ball 3-0: Called Strike 3-1: Base on Balls
|
|
Batting: RHB Juan Delgado
|
0-0: Ball 1-0: Fly out, F7 (Line Drive, 7, EV 93.8 MPH)
|
|
Batting: SHB Paul Felix
|
0-0: Ball 1-0: Called Strike 1-1: Ball 2-1: Foul Ball, location: 2F 2-2: Ball 3-2: Ground out U3 (Groundball, 34S, EV 81.9 MPH) Norm Carrasco to second
|
|
Batting: RHB Edward Williams
|
0-0: Ball 1-0: Foul Ball, location: 2F 1-1: 2-RUN HOME RUN (Flyball, 89XD, EV 92.5 MPH), Distance : 400 ft
|
|
Batting: RHB Hector Rivera
|
0-0: Ball 1-0: SINGLE (Line Drive, 9LM, EV 95.6 MPH)
|
|
Batting: RHB Elza Nevoeiro
|
0-0: Called Strike 0-1: Called Strike 0-2: Fly out, F9 (Flyball, 9S, EV 78.8 MPH)
|
| Top of the 9th over - 2 runs, 2 hits, 0 errors, 1 left on base; Bellingham 8 - Modesto 6 |
| BOTTOM OF THE 9TH |
|
Modesto Nuts batting - Pitching for Bellingham Mariners : LHP Mark Weinbrecht
|
|
Batting: LHB Dave McLaughlin
|
0-0: Ball 1-0: Ball 2-0: Ball 3-0: Base on Balls
|
|
Batting: RHB Antonio Lopez
|
0-0: Ball 1-0: Foul Ball, location: 2F 1-1: Fly out, F8 (Flyball, 8LXD, EV 93.1 MPH)
|
|
Batting: RHB James Cecchini
|
0-0: Ball 1-0: Foul Ball, location: 2F 1-1: Foul Ball, location: 2F 1-2: Grounds into double play, 6-4-3 (Groundball, 56, EV 90.6 MPH)
|
| Bottom of the 9th over - 0 runs, 0 hits, 0 errors, 0 left on base; Bellingham 8 - Modesto 6 |
|